 Dungeon Crawl Stone Soup version 0.30.0-29-ga12c61a403 (webtiles) character file.

Game seed: 17229765699535815972

2498972 purpleHaze the Conqueror (level 27, 283/290 HPs)
             Began as an Ogre Transmuter on June 20, 2023.
             Was the Champion of Wu Jian.
             Escaped with the Orb
             ... and 4 runes on June 22, 2023!
             The game lasted 04:19:05 (63877 turns).

purpleHaze the Conqueror (Ogre Transmuter)         Turns: 63877, Time: 04:19:06

Health: 283/290    AC: 37    Str: 42      XL:     27
Magic:  48/48      EV:  9    Int:  8 (10) God:    Wu Jian [******]
Gold:   3551       SH: 37    Dex:  9      Spells: 48/60 levels left

rFire   + + .        R - +9 demon whip (freeze)
rCold   + + .        S - +10 tower shield of Ignorance {rN+ Int-4}
rNeg    + . .        q - +12 gold dragon scales
rPois   +            Y - +4 hat "Awyukuo" {Harm rElec Will+ Int-2}
rElec   +            k - +1 cloak of Pan-Flutes {rC++ Regen+ Int-3 Stlth+}
rCorr   .            (gloves unavailable)
SInv    .            (boots unavailable)
Will    +++..        u - amulet of reflection Stlth
                     j - ring "Saenenk" {Str+6 Int+2 Slay+6}
HPRegen 2.28/turn    T - ring "Bythop" {rF+ Str+4 Int+3 Slay+4}
MPRegen 0.31/turn

%: random rage (3%), harm (+30% outgoing, +20% incoming), reflection
@: studying 2 skills
A: large, unfitting armour, tough skin 1, berserk 1, deformed body,
deterioration 2, frail 1, high MP 1, regeneration 1, no potion heal 1, cold
vulnerability 1, devolution 2
0: Orb of Zot
}: 4/15 runes: barnacled, slimy, silver, gossamer
a: Renounce Religion, Wall Jump, Serpent's Lash, Heavenly Storm


You escaped.
You worshipped Wu Jian.
Wu Jian was exalted by your worship.
You visited 12 branches of the dungeon, and saw 54 of its levels.
You visited the Abyss 1 time.
You also visited: Trove, Ossuary, Bailey, Gauntlet and Wizlab.

You collected 7216 gold pieces.
You spent 3665 gold pieces at shops.

Inventory:

Hand Weapons
 R - a +9 demon whip of freezing (weapon)
Missiles
 J - 5 throwing nets
Armour
 k - the +1 cloak of Pan-Flutes (worn) {rC++ Regen+ Int-3 Stlth+}
   (You found it on level 3 of the Realm of Zot)

   Int:       It affects your intelligence (-3).
   rC:        It greatly protects you from cold.
   Regen:     It increases your rate of health regeneration.
   Stlth:     It makes you more stealthy.
 q - +12 gold dragon scales (worn)
 S - the +10 tower shield of Ignorance (worn) {rN+ Int-4}
   (You acquired it on level 3 of the Spider Nest)

   Int:       It affects your intelligence (-4).
   rN:        It protects you from negative energy.
 Y - the +4 hat "Awyukuo" (worn) {Harm rElec Will+ Int-2}
   (You found it in a Gauntlet)

   Int:       It affects your intelligence (-2).
   rElec:     It insulates you from electricity.
   Harm:      It increases damage dealt and taken.
   Will:      It increases your willpower.
Jewellery
 j - the ring "Saenenk" (left hand) {Str+6 Int+2 Slay+6}
   (You found it on level 2 of the Dungeon)

   [ring of strength]

   Str:       It affects your strength (+6).
   Int:       It affects your intelligence (+2).
   Slay:      It affects your accuracy & damage with ranged weapons and melee
   (+6).
 r - the ring "Umoafef" {rPois rCorr Str+3 SInv Stlth-}
   (You bought it in a shop on level 2 of the Orcish Mines)

   [ring of resist corrosion]

   Str:       It affects your strength (+3).
   rPois:     It protects you from poison.
   SInv:      It lets you see invisible.
   rCorr:     It protects you from acid and corrosion.
   Stlth:     It makes you less stealthy.
 t - the ring of Balance {rN+ rCorr Str+6}
   (You acquired it on level 2 of the Vaults)

   [ring of strength]

   Str:       It affects your strength (+6).
   rN:        It protects you from negative energy.
   rCorr:     It protects you from acid and corrosion.
 u - an amulet of reflection (around neck)
 v - the ring "Dyol" {rC+ Will+ rCorr}
   (You found it on level 5 of the Vaults)

   [ring of protection from cold]

   rC:        It protects you from cold.
   rCorr:     It protects you from acid and corrosion.
   Will:      It increases your willpower.
 y - the ring of Wehuip {rPois Will+ rCorr Str-2 Slay+4}
   (You found it on level 3 of the Realm of Zot)

   [ring of willpower]

   Str:       It affects your strength (-2).
   Slay:      It affects your accuracy & damage with ranged weapons and melee
   (+4).
   rPois:     It protects you from poison.
   rCorr:     It protects you from acid and corrosion.
   Will:      It increases your willpower.
 z - the ring of the Hare {EV+10}
   (You found it on level 3 of the Realm of Zot)

   [ring of evasion]

   EV:        It affects your evasion (+10).
 C - the amulet "Extyefaero" {RegenMP Fly rElec rF+ Dex-3}
   (You found it on level 5 of the Lair of Beasts)

   [amulet of magic regeneration]

   It increases your rate of magic regeneration.
   Dex:       It affects your dexterity (-3).
   rF:        It protects you from fire.
   rElec:     It insulates you from electricity.
   Fly:       It grants you flight.
 F - the amulet "Pewnew" {rPois rN+ Regen+ Str+4 Int-5}
   (You found it on level 5 of the Pits of Slime)

   [amulet of regeneration]

   Str:       It affects your strength (+4).
   Int:       It affects your intelligence (-5).
   rPois:     It protects you from poison.
   rN:        It protects you from negative energy.
   Regen:     It increases your rate of health regeneration.
 L - a ring of positive energy
 Q - the ring of Neniplagg {rF+ Will+ rCorr Dex+3}
   (You found it on level 3 of the Elven Halls)

   [ring of resist corrosion]

   Dex:       It affects your dexterity (+3).
   rF:        It protects you from fire.
   rCorr:     It protects you from acid and corrosion.
   Will:      It increases your willpower.
 T - the ring "Bythop" (right hand) {rF+ Str+4 Int+3 Slay+4}
   (You found it on level 15 of the Dungeon)

   [ring of slaying]

   Str:       It affects your strength (+4).
   Int:       It affects your intelligence (+3).
   Slay:      It affects your accuracy & damage with ranged weapons and melee
   (+4).
   rF:        It protects you from fire.
Wands
 a - a wand of acid (30)
 l - a wand of paralysis (73)
 s - a wand of digging (8)
 x - a wand of mindburst (56)
 M - a wand of roots (72)
 P - a wand of flame (36)
Scrolls
 b - 4 scrolls of magic mapping
 c - 2 scrolls of butterflies
 d - 5 scrolls of enchant armour
 g - 21 scrolls of teleportation
 h - 15 scrolls of vulnerability
 p - 3 scrolls of fear
 D - 2 scrolls of immolation
 E - 10 scrolls of blinking
 H - 4 scrolls of silence
 K - 6 scrolls of amnesia
 N - 15 scrolls of fog
 U - a scroll of brand weapon
 Z - 10 scrolls of poison
Potions
 e - 8 potions of flight
 f - 8 potions of magic
 i - 13 potions of attraction
 m - 9 potions of haste
 n - 24 potions of curing
 o - 10 potions of might
 w - 5 potions of berserk rage
 A - 7 potions of brilliance
 G - 7 potions of ambrosia
 I - 9 potions of heal wounds
 O - 15 potions of lignification
 V - 5 potions of invisibility
 W - 5 potions of cancellation


   Skills:
 O Level 27 Fighting
 - Level 11.4(12.3) Maces & Flails
 - Level 8.2(11.4) Staves
 * Level 21.7 Armour
 - Level 13.0 Dodging
 * Level 25.2 Shields
 - Level 2.6 Unarmed Combat
 - Level 17.0 Spellcasting
 - Level 9.2 Translocations
 + Level 15.4 Transmutations


You had 48 spell levels left.
You knew the following spells:

 Your Spells              Type           Power      Damage    Failure   Level
a - Beastly Appendage     Tmut           62%        N/A       1%          1
b - Wereblood             Tmut           31%        N/A       1%          2
c - Spider Form           Tmut/Pois      19%        N/A       4%          3
d - Passwall              Tmut/Erth      15%        N/A       2%          2
e - Passage of Golubria   Tloc           21%        N/A       9%          4

Your spell library contained the following spells:

 Spells                   Type           Power      Damage    Failure   Level
 Apportation              Tloc           42%        N/A       1%          1
 Sting                    Tmut/Pois      76%        1d6       1%          1
 Blade Hands              Tmut           15%        N/A       1%          5
 Gell's Gravitas          Tloc           21%        N/A       2%          3
 Ignite Poison            Fire/Tmut/Pois 15%        N/A       14%         3
 Ice Form                 Ice/Tmut       19%        N/A       17%         4
 Petrify                  Tmut/Erth      19%        N/A       17%         4
 Portal Projectile        Hex/Tloc       28%        N/A       19%         3
 Vhi's Electric Charge    Tloc/Air       28%        N/A       19%         3
 Volatile Blastmotes      Fire/Tloc      28%        2d12      19%         3
 Foxfire                  Conj/Fire      24%        2x1d5     36%         1
 Kiss of Death            Conj/Necr      24%        2d7       36%         1
 Magic Dart               Conj           24%        1d4       36%         1
 Necrotise                Necr           24%        1d5       36%         1
 Sandblast                Erth           12%        2d6       36%         1
 Shock                    Conj/Air       24%        1d4       36%         1
 Summon Small Mammal      Summ           24%        N/A       36%         1
 Alistair's Intoxication  Tmut/Pois      12%        N/A       43%         5
 Irradiate                Conj/Tmut      9%         3d14      43%         5
 Yara's Violent Unravell  Hex/Tmut       9%         3d6       43%         5
 Cigotuvi's Dreadful Rot  Necr/Pois/Air  12%        N/A       52%         2
 Ensorcelled Hibernation  Hex/Ice        12%        N/A       52%         2
 Poisonous Vapours        Pois/Air       12%        N/A       52%         2
 Scorch                   Fire           12%        2d6       52%         2
 Searing Ray              Conj           12%        2d4       52%         2
 Static Discharge         Conj/Air       12%        2-3/arc   52%         2
 Sublimation of Blood     Necr           6%         N/A       52%         2
 Dragon Form              Tmut           15%        N/A       52%         7
 Call Canine Familiar     Summ           6%         N/A       75%         3
 Hailstorm                Conj/Ice       6%         3d4       75%         3
 Inner Flame              Hex/Fire       6%         N/A       75%         3
 Stone Arrow              Conj/Erth      12%        3d7       75%         3
 Tukima's Dance           Hex            6%         N/A       75%         3
 Vampiric Draining        Necr           6%         2d6       75%         3
 Summon Forest            Summ/Tloc      7%         N/A       86%         5
 Eringya's Noxious Bog    Tmut/Pois      9%         N/A       95%         6
 Statue Form              Tmut/Erth      12%        N/A       95%         6
 Airstrike                Air            3%         2d(1-17)  98%         4
 Anguish                  Hex/Necr       3%         N/A       98%         4
 Cause Fear               Hex            3%         N/A       98%         4
 Dispel Undead            Necr           6%         3d8       98%         4
 Flame Wave               Conj/Fire      6%         2d5       98%         4
 Fulminant Prism          Conj/Hex       3%         3d5       98%         4
 Leda's Liquefaction      Hex/Erth       3%         N/A       98%         4
 Olgreb's Toxic Radiance  Pois           6%         N/A       98%         4
 Sticky Flame             Conj/Fire      6%         2d3       98%         4
 Summon Ice Beast         Ice/Summ       6%         N/A       98%         4
 Summon Lightning Spire   Summ/Air       6%         N/A       98%         4
 Agony                    Necr           6%         N/A       100%        5
 Arcjolt                  Conj/Air       3%         1d13      100%        5
 Borgnjor's Vile Clutch   Necr/Erth      3%         N/A       100%        5
 Fireball                 Conj/Fire      3%         3d4       100%        5
 Freezing Cloud           Conj/Ice/Air   3%         6-21      100%        5
 Iskenderun's Battlesphe  Conj           6%         2d6       100%        5
 Summon Mana Viper        Hex/Summ       6%         N/A       100%        5
 Conjure Ball Lightning   Conj/Air       3%         3x3d6     100%        6
 Death Channel            Necr           3%         N/A       100%        6
 Iron Shot                Conj/Erth      3%         9d2       100%        6
 Plasma Beam              Fire/Air       3%         2x1d14    100%        6
 Simulacrum               Ice/Necr       3%         N/A       100%        6
 Summon Cactus Giant      Summ           3%         N/A       100%        6
 Enfeeble                 Hex            3%         N/A       100%        7
 Monstrous Menagerie      Summ           3%         N/A       100%        7
 Orb of Destruction       Conj           3%         9d5       100%        7
 Spellforged Servitor     Conj/Summ      3%         N/A       100%        7
 Borgnjor's Revivificati  Necr           3%         N/A       100%        8
 Discord                  Hex            3%         N/A       100%        8
 Disjunction              Tloc           10%        N/A       100%        8
 Ignition                 Fire           3%         3d4       100%        8
 Maxwell's Capacitive Co  Air            3%         ∞         100%        8
 Necromutation            Tmut/Necr      9%         N/A       100%        8
 Death's Door             Necr           3%         N/A       100%        9
 Dragon's Call            Summ           3%         N/A       100%        9
 Fire Storm               Conj/Fire      3%         8d1       100%        9


Dungeon Overview and Level Annotations

Branches:
Dungeon (15/15)            Temple (1/1) D:6            Lair (5/5) D:8
 Shoals (4/4) Lair:2       Spider (4/4) Lair:3        Slime (5/5) Lair:5
    Orc (2/2) D:9             Elf (3/3) Orc:2        Vaults (5/5) D:13
  Crypt (0/3) Vaults:3     Depths (4/4) D:15           Hell (visited)
    Dis (0/7) Hell            Geh (0/7) Hell            Coc (0/7) Hell
    Tar (0/7) Hell            Zot (5/5) Depths:4    Ossuary (visited)
 Bailey (visited)          WizLab (visited)         Gauntlet (visited)

Altars:
Cheibriados
Dithmenos
Fedhas
Gozag
Hepliaklqana
Kikubaaqudgha
Makhleb
Nemelex Xobeh
Okawaru
Qazlal
Ru
Sif Muna
Uskayaw
Vehumet
Wu Jian
Zin
Jiyva

Shops:
D:3 !   D:7 !   Orc:2 [=[*   Shoals:1 (?   Vaults:1 ?   Vaults:2 (?**:
Vaults:4 *   Depths:1 :

Portals:
Hell: Depths:1 Depths:2 Depths:3 Depths:4
Abyss: Depths:2 Depths:3
Pandemonium: Depths:2
Ziggurat: Depths:3

Annotations:
D:2 Crazy Yiuf
D:11 1 runed translucent door, Tsarbomb's ghost, journeyman DsGl
Elf:1 36 runed doors


Innate Abilities, Weirdness & Mutations

You are too large for most types of armour.
You have tough skin. (AC +1)
You sometimes lose your temper in combat.
Armour fits poorly on your strangely shaped body.
Your body often deteriorates upon taking damage.
You are frail. (-10% HP)
You have an increased reservoir of magic. (+10% MP)
Your natural rate of healing is unusually fast.
Potions are less effective at restoring your health.
You are vulnerable to cold. (rC-)
You have terrible hidden genetic defects.


Message History

A mysterious force pulls you upwards. The hatch slams shut behind you.
There is a stone staircase leading up here.
You climb upwards.
There is a stone staircase leading down here.
There is a stone staircase leading up here.
You climb upwards.
Level annotation: Crazy Yiuf
There is a stone staircase leading down here.
You see here a +0 club.
There is a stone staircase leading up here.
You climb upwards.
There is a stone staircase leading down here.
A sixfirhy and an orange demon come into view.
The orange demon screeches!
The sixfirhy moves out of view.
You hear a grinding noise.
A cacodemon and a sixfirhy come into view.
The cacodemon gestures at you. The bolt of energy hits you!!
Your body deteriorates!
You feel dopey.
You hear a grinding noise.
You block the sixfirhy's attack.
You hear a grinding noise.
You block the sixfirhy's attack.
You hear a grinding noise.
You block the sixfirhy's attack.
The sixfirhy hits you but does no damage.
You block the sixfirhy's attack. The sixfirhy attacks as you move away!
You block the sixfirhy's attack.
You hear a grinding noise.
You block the sixfirhy's attack.
You see here a +0 pair of gloves.
The sixfirhy hits you but does no damage.
You block the sixfirhy's attack. x2
You hear a grinding noise.
There is a staircase leading out of the dungeon here.
You thrash the sixfirhy!! You freeze the sixfirhy!
You kill the sixfirhy!
The Council accepts your kill.
You have escaped!

..# ########...##.#
..###........####.#
..#...#########...#
....### #.#.# ...###
########### .....#
#........⌠#
..##.##..###.≈≈≈§≈...#
####..# #............##
3.###.# #......[@..8.>#
#2.##.###....§§.§§...##
..#.#......#.§≈≈≈≈...#
4.##.#...###..§.....⌠#
..##..#....###########
#.###...###..#.##.#
#..##...# ##...##.#
#.....#..# ##..##.#
#...####.# #.....#


There were no monsters in sight!

Vanquished Creatures
  Dissolution (Slime:4)
  the Royal Jelly (Slime:5)
  6 dread liches
  3 orbs of fire
  The ghost of Uneer the Black Belt, a legendary GnFE of Okawaru (Zot:3)
  4 ancient liches
  The ghost of Dawneret the Gnoll Aeon, a master GnFi of Cheibriados (Zot:3)
  The ghost of Netemen the Gnoll Aeon, a master GnFi of Cheibriados (Zot:3)
  Josephina (Zot:1)
  A shard shrike (Zot:4)
  5 Killer Klowns
  Geryon (Hell)
  15 golden dragons
  Arachne (Spider:3)
  3 electric golems
  A Hell Sentinel (Depths:3)
  21 tentacled monstrosities
  Jorgrun (Orc:1)
  2 liches
  A walking crystal tome (Depths:2)
  Asterion (Elf:1)
  Rupert (D:15)
  The ghost of Nicoed the Executioner, an adept MiFi of Okawaru (Depths:2)
  4 titans
  3 walking earthen tomes (WizLab)
  2 deep elf master archers (Elf:3)
  29 Orb Guardians
  5 quicksilver dragons
  4 deep elf blademasters (Elf:3)
  An ancient champion (Hell)
  19 acid blobs
  7 death cobs
  An Executioner (Zot:5)
  3 tentacled starspawn (Abyss:2)
  4 sphinxes
  A sphinx (shapeshifter) (Vaults:5)
  The ghost of ymhsbmbesitwf the Severer, an adept MiBe of Zin (Shoals:4)
  Kirke (Spider:2)
  Polyphemus (Shoals:3)
  7 shadow dragons
  2 strange machines (WizLab)
  8 storm dragons
  4 tengu reavers (Vaults:5)
  Donald (Spider:4)
  Ilsuiw (Shoals:3)
  2 fire giants (Depths:2)
  6 draconian knights
  10 azure jellies
  9 rockslimes
  7 frost giants
  3 emperor scorpions (Spider:4)
  7 draconian monks
  4 spectral caustic shrikes (Depths:3)
  Aizul (Elf:3)
  5 deep elf sorcerers
  15 vault wardens
  4 ghost moths
  4 balrugs
  8 draconian shifters
  An orc warlord (Vaults:3)
  4 draconian scorchers
  3 deep elf elementalists (Elf:3)
  5 spriggan defenders
  8 draconian annihilators
  An angel (D:11)
  7 reapers (Hell)
  5 draconian stormcallers
  4 war gargoyles (Vaults:5)
  A cacodemon (Depths:2)
  10 quicksilver oozes
  36 very ugly things
  3 broodmothers
  21 stone giants
  25 ironbound preservers
  4 green draconians
  12 ironbound thunderhulks
  11 red draconians
  4 vampire knights
  9 deep elf demonologists
  A putrid mouth (Hell)
  8 black draconians
  11 dire elephants
  9 deep elf annihilators
  2 lorocyprocas
  13 yellow draconians
  A minotaur (Gauntlet)
  13 purple draconians
  15 spark wasps
  A wendigo (Hell)
  A halazid warlock (Hell)
  Snorg (Orc:1)
  15 white draconians
  11 ettins
  A green death (Depths:3)
  3 iron golems (Hell)
  5 deep elf death magi
  The ghost of Graphine the Demolition Demonspawn, a journeyman DsMo of Makhleb (Lair:2)
  A crystal guardian (Hell)
  8 entropy weavers
  2 jiangshi (Depths:1)
  5 merfolk javelineers (Shoals:4)
  14 merfolk impalers
  2 blizzard demons (Hell)
  7 fire dragons
  10 great orbs of eyes
  The ghost of Wuvuatt the Impaler, a journeyman MiBe of Trog (Lair:2)
  7 deep elf high priests
  13 yaktaur captains
  A spriggan zombie (Hell)
  13 rakshasas
  34 vault guards
  12 ice dragons
  A jorogumo (shapeshifter) (Depths:2)
  5 hydras
  An ice dragon (shapeshifter) (Vaults:5)
  3 spriggan air magi
  2 catoblepae
  8 ironbound frosthearts
  4 ogre magi
  A radroach (Spider:4)
  A merfolk aquamancer (Shoals:4)
  3 alligator snapping turtles
  8 boulder beetles
  3 jorogumos (Spider:4)
  An anaconda (shapeshifter) (Vaults:5)
  Erica (D:11)
  25 centaur warriors
  8 merfolk avatars
  8 deep troll shamans
  11 two-headed ogres
  5 death yaks
  6 satyrs
  5 tengu warriors
  2 spriggan berserkers
  5 deep troll earth magi
  A thrashing horror (Abyss:2)
  40 dancing weapons
  2 vampire magi
  16 sun demons
  36 hell knights
  5 soul eaters (Hell)
  2 wretched stars (Abyss:2)
  18 deep elf knights
  The ghost of LittleThickWarRabbit the Cleaver, a novice MiFi of Okawaru (D:7)
  7 skysharks
  Amaemon (Lair:2)
  6 iron trolls
  4 shadow wraiths
  A fire crab (Lair:2)
  4 glowing orange brains
  4 sixfirhies
  2 cherubim (D:13)
  The ghost of Xellau the Geomancer, a novice GrEE of Vehumet (Lair:2)
  2 shadow demons (Hell)
  10 pharaoh ants
  64 deep trolls
  13 sea snakes
  A flayed ghost (Depths:1)
  3 orange crystal statues
  Pikel (D:7)
  A spriggan simulacrum (Hell)
  7 orb spiders
  7 orc knights
  A golden dragon skeleton (Depths:2)
  6 deep elf archers
  6 phantasmal warriors
  16 ironbound convokers
  7 lindwurms
  26 deep elf zephyrmancers
  19 wizards
  7 steelbarb worms
  4 wolf spider zombies (Spider:4)
  5 spectral wolf spiders (Spider:4)
  29 deep elf pyromancers
  16 harpies
  15 necromancers
  4 shining eyes
  32 wolf spiders
  2 orc sorcerers
  A stone giant zombie (Depths:2)
  15 moths of wrath
  A shadow dragon skeleton (Hell)
  13 cyclopes
  56 ugly things
  16 fauns
  An oklob plant (Lair:5)
  20 manticores
  A worldbinder (Abyss:2)
  22 elephants
  2 black mambas
  15 vault sentinels
  14 merfolk sirens
  A centaur zombie (D:15)
  An elephant (shapeshifter) (Depths:2)
  3 water nymphs
  A titan simulacrum (Hell)
  A naga mage (D:15)
  Joseph (D:9)
  5 eyes of devastation
  A water nymph (shapeshifter) (Vaults:5)
  2 guardian serpents (shapeshifter)
  3 rust devils
  5 torpor snails
  A smoke demon (Depths:4)
  3 orange demons
  6 demonic crawlers
  2 centaur skeletons (D:15)
  3 unseen horrors
  3 gargoyles
  2 storm dragon simulacra
  7 cane toads
  24 yaktaurs
  A hellion (Zot:5)
  3 ice devils
  4 rime drakes (Shoals:1)
  An anaconda simulacrum (Abyss:2)
  2 ghost moth simulacra (Zot:1)
  A kobold demonologist (D:7)
  A bunyip simulacrum (Hell)
  6 komodo dragons
  A minotaur zombie (Gauntlet)
  A freezing wraith (Vaults:5)
  6 trolls
  6 tengu conjurers
  2 ancient zymes (Abyss:2)
  A golden dragon simulacrum (Depths:2)
  8 polar bears
  32 merfolk
  A harpy zombie (Hell)
  8 hornets
  2 meliai (Spider:4)
  A red devil (Depths:3)
  11 wind drakes
  32 tarantellas
  11 snapping turtles
  5 wolf spider simulacra (Spider:4)
  A spectral merfolk (Shoals:4)
  Prince Ribbit (D:7)
  17 blink frogs
  10 dream sheep
  A dream sheep (shapeshifter) (Vaults:5)
  114 slime creatures
  22 jumping spiders
  A jumping spider (shapeshifter) (Depths:4)
  A draconian simulacrum (Zot:1)
  19 culicivoras
  3 shadows
  Sigmund (D:2)
  A centaur simulacrum (Hell)
  5 spriggans
  29 yaks
  3 air elementals
  5 wyverns
  A dire elephant simulacrum (Hell)
  20 water elementals
  A ynoxinul (D:6)
  A human (D:13)
  3 basilisks
  3 vampires
  6 hogs
  A wraith (D:10)
  3 chaos spawn (Depths:3)
  4 fire bats (Lair:2)
  8 golden eyes
  10 fire elementals
  8 steam dragons
  78 redbacks
  A neqoxec (Zot:3)
  A white draconian simulacrum (Zot:1)
  7 vampire mosquitoes
  A sea snake simulacrum (Shoals:4)
  6 small abominations
  4 large abominations
  5 wargs
  A harpy simulacrum (Shoals:4)
  5 acid dragons
  2 spectral snapping turtles (Shoals:4)
  2 hydra simulacra (Zot:4)
  4 floating eyes
  A water moccasin (shapeshifter) (Depths:2)
  35 orc warriors
  7 water moccasins
  A hornet zombie (D:15)
  7 ogres
  4 ice beasts
  2 merfolk simulacra (Shoals:4)
  A boggart (Elf:1)
  18 centaurs
  9 wolves
  A phantom (D:6)
  2 lemures (D:7)
  15 kobold brigands
  10 bullfrogs
  4 necrophages (Lair:4)
  A gnoll sergeant (D:9)
  2 earth elementals
  A wight (D:9)
  A killer bee (shapeshifter) (Depths:2)
  3 manticore simulacra (Shoals:4)
  5 electric eels
  3 howler monkeys (D:7)
  A howler monkey (shapeshifter) (Depths:2)
  A crimson imp (Abyss:2)
  4 jellies (Lair:5)
  A gnoll bouda (D:7)
  4 hounds (D:6)
  12 orc priests
  A sleepcap (D:5)
  An iguana (D:5)
  Natasha (D:2)
  A boggart zombie (D:15)
  18 orc wizards
  6 hell rats (Hell)
  9 mummies
  9 adders
  3 gnolls (D:7)
  2 shadow imps (D:7)
  An ufetubus (D:5)
  4 dart slugs
  3 worms
  94 orcs
  3 endoplasms
  3 giant cockroaches
  2 gnoll zombies (Ossuary)
  8 goblins
  5 hobgoblins
  5 jackals
  17 kobolds
  2 quokkas
  7 ball pythons
  6 bats
  3 frilled lizards
  5 hobgoblin zombies (Ossuary)
  A kobold zombie (D:5)
  2 orc zombies
  A rat (D:2)
  A creeping inferno (Hell)
  A fire vortex (Hell)
  A spectral weapon (Elf:1)
2457 creatures vanquished.

Vanquished Creatures (others)
  A fire giant (Depths:1)
  A skeletal warrior (Hell)
  A deep elf pyromancer (Elf:1)
  2 wizards
  A water nymph (Shoals:4)
  An ice devil (Hell)
  An orc (D:8)
8 creatures vanquished.

Grand Total: 2465 creatures vanquished

Notes
Turn   | Place    | Note
-------+----------+-------------------------------------------
     0 | D:1      | purpleHaze the Ogre Transmuter began the quest for the Orb.
     0 | D:1      | Reached XP level 1. HP: 19/19 MP: 3/3
   263 | D:1      | Reached XP level 2. HP: 26/28 MP: 3/5
   267 | D:1      | Reached skill level 2 in Fighting
   808 | D:2      | Reached XP level 3. HP: 27/36 MP: 4/7
   869 | D:2      | Noticed Natasha
   878 | D:2      | Killed Natasha
   903 | D:2      | Reached skill level 3 in Fighting
   995 | D:2      | Reached XP level 4. HP: 43/45 MP: 7/9
  1018 | D:2      | Identified the ring "Saenenk" {Str+6 Int+2 Slay+6}
  1256 | D:2      | Found a burning altar of Makhleb.
  1267 | D:2      | Noticed Sigmund
  1368 | D:2      | Killed Sigmund
  1369 | D:2      | Reached skill level 4 in Fighting
  1369 | D:2      | Reached XP level 5. HP: 55/55 MP: 9/11
  1369 | D:2      | Reached XP level 6. HP: 63/63 MP: 9/12
  1543 | D:2      | Found a faded altar of an unknown god.
  1808 | D:2      | Found a runed translucent door.
  1809 | D:2      | Noticed Crazy Yiuf
  2060 | D:3      | Found an ancient bone altar of Kikubaaqudgha.
  2085 | D:3      | Learned a level 2 spell: Wereblood
  2089 | D:3      | Learned a level 3 spell: Spider Form
  2372 | D:3      | Found a hazy altar of Hepliaklqana.
  2377 | D:3      | Found a shadowy altar of Dithmenos.
  2377 | D:3      | Noticed a shadow
  2496 | D:3      | Found Voreb's Distillery.
  2503 | D:3      | Bought a potion of heal wounds for 55 gold pieces
  2503 | D:3      | Bought a potion of curing for 33 gold pieces
  2503 | D:3      | Bought a potion of might for 44 gold pieces
  2503 | D:3      | Bought a potion of curing for 33 gold pieces
  2503 | D:3      | Bought a potion of degeneration for 11 gold pieces
  2926 | D:4      | Found a hide-covered altar of Uskayaw.
  3239 | D:4      | Found a glowing silver altar of Zin.
  3239 | D:4      | Found an iron altar of Okawaru.
  3239 | D:4      | Found a stormy altar of Qazlal.
  3344 | D:4      | Reached skill level 5 in Fighting
  3712 | D:5      | Entered Level 5 of the Dungeon
  3859 | D:5      | Identified the +2 robe of Quantum Leap {rElec rCorr}
  3902 | D:5      | Found a sand-covered staircase.
  3910 | Ossuary  | Entered an ossuary
  3957 | Ossuary  | Reached skill level 5 in Spellcasting
  3959 | Ossuary  | Reached XP level 7. HP: 61/72 MP: 12/14
  4583 | D:5      | Reached skill level 6 in Fighting
  5338 | D:6      | Reached XP level 8. HP: 81/84 MP: 15/17
  5373 | D:6      | Reached skill level 5 in Transmutations
  5449 | D:6      | Found a staircase to the Ecumenical Temple.
  5622 | Temple   | Entered the Ecumenical Temple
  5636 | Temple   | Became a worshipper of the Wu Jian Council
  5723 | D:6      | Reached skill level 7 in Fighting
  6110 | D:6      | Reached skill level 13 in Fighting
  6110 | D:6      | Reached XP level 9. HP: 110/110 MP: 18/18
  6339 | D:7      | Found a flagged portal.
  6347 | D:7      | Identified the +0 spear of Tension {venom, rN+}
  6350 | Bailey   | Entered a bailey
  6481 | Bailey   | Noticed an orc knight
  6497 | Bailey   | Killed an orc knight
  6497 | Bailey   | Reached * piety under Wu Jian
  6785 | Bailey   | Found a large runed translucent door.
  6785 | Bailey   | Found a large runed translucent door.
  6786 | Bailey   | Noticed a deep elf zephyrmancer
  6897 | Bailey   | Killed a deep elf zephyrmancer
  6898 | Bailey   | Reached XP level 10. HP: 119/120 MP: 19/19
  6906 | Bailey   | Got the Tractate on Geometric Voltage
  6911 | Bailey   | Identified the +5 great mace of Devouring Destruction
                  | {heavy, rElec rF- rN+ Int+2}
  6992 | D:7      | Gained mutation: You are dopey. (Int -2) [potion of
                  | mutation]
  6992 | D:7      | Gained mutation: You sometimes lose your temper in combat.
                  | [potion of mutation]
  6992 | D:7      | Gained mutation: Armour fits poorly on your strangely
                  | shaped body. [potion of mutation]
  6993 | D:7      | Lost mutation: You sometimes lose your temper in combat.
                  | [potion of mutation]
  6993 | D:7      | Lost mutation: You are dopey. (Int -2) [potion of mutation]
  6993 | D:7      | Lost mutation: Armour fits poorly on your strangely shaped
                  | body. [potion of mutation]
  6993 | D:7      | Gained mutation: You are clumsy. (Dex -2) [potion of
                  | mutation]
  6993 | D:7      | Gained mutation: Your flesh is heat resistant. (rF+)
                  | [potion of mutation]
  6994 | D:7      | Lost mutation: Your flesh is heat resistant. (rF+) [potion
                  | of mutation]
  6994 | D:7      | Lost mutation: You are clumsy. (Dex -2) [potion of
                  | mutation]
  6994 | D:7      | Gained mutation: You are robust. (+10% HP) [potion of
                  | mutation]
  7103 | D:7      | Found a sacrificial altar of Ru.
  7139 | D:7      | Noticed Prince Ribbit
  7152 | D:7      | Killed Prince Ribbit
  7153 | D:7      | Reached skill level 14 in Fighting
  7446 | D:7      | Noticed Pikel
  7648 | D:7      | Killed Pikel
  7715 | D:7      | Found Duycus's Distillery.
  7858 | D:7      | Bought a potion of lignification for 45 gold pieces
  7858 | D:7      | Bought 2 potions of lignification for 90 gold pieces
  7858 | D:7      | Bought a potion of curing for 45 gold pieces
  7858 | D:7      | Bought a potion of curing for 45 gold pieces
  7858 | D:7      | Bought a potion of curing for 45 gold pieces
  7935 | D:7      | Found an opulent altar of Gozag.
  8279 | D:7      | Found a runed translucent gate.
  8280 | D:7      | Found a runed translucent gate.
  8280 | D:7      | Noticed LittleThickWarRabbit's ghost (novice MiFi)
  8280 | D:7      | Noticed a kobold demonologist
  8291 | D:7      | Found a runed translucent gate.
  8456 | D:8      | Reached ** piety under Wu Jian
  8458 | D:8      | Reached skill level 1 in Maces & Flails
  9438 | D:8      | Identified the +7 falchion of Dividends {antimagic, *Slow
                  | rF+ rCorr}
  9518 | D:8      | Found a staircase to the Lair.
  9858 | Lair:1   | Entered Level 1 of the Lair of Beasts
  9860 | Lair:1   | Noticed a cane toad
  9860 | Lair:1   | Noticed a catoblepas
 10241 | D:9      | Found a staircase to the Orcish Mines.
 10245 | D:9      | Noticed Joseph
 10254 | D:9      | Killed Joseph
 10255 | D:9      | Reached XP level 11. HP: 70/144 MP: 20/20
 10295 | D:9      | Reached *** piety under Wu Jian
 10311 | D:9      | Reached skill level 15 in Fighting
 10392 | D:9      | Noticed a seven-headed hydra
 10751 | D:9      | Paralysed by a hornet for 1 turns
 10856 | D:9      | Reached skill level 10 in Dodging
 10877 | D:9      | Killed a seven-headed hydra
 10965 | D:9      | Noticed a seven-headed hydra
 10967 | D:9      | Noticed a two-headed ogre
 11588 | D:9      | Reached skill level 1 in Staves
 11662 | D:9      | Noticed a two-headed ogre
 11667 | D:9      | Noticed a cyclops
 11670 | D:9      | Killed a two-headed ogre
 11678 | D:9      | Killed a cyclops
 11737 | D:9      | Killed a two-headed ogre
 11763 | D:9      | Killed a seven-headed hydra
 11855 | D:9      | Noticed a manticore
 11868 | D:9      | Killed a manticore
 12010 | D:9      | Noticed a cyclops
 12015 | D:9      | Killed a cyclops
 12348 | D:10     | Entered Level 10 of the Dungeon
 12672 | Lair:1   | Reached skill level 5 in Staves
 12672 | Lair:1   | Reached XP level 12. HP: 158/158 MP: 19/21
 12720 | Lair:1   | Reached skill level 16 in Fighting
 12805 | Lair:1   | Killed a catoblepas
 12906 | Lair:1   | Noticed a boulder beetle
 12928 | Lair:1   | Killed a boulder beetle
 13786 | Lair:2   | Found a transporter.
 14037 | Lair:2   | Noticed a four-headed hydra
 14042 | Lair:2   | Killed a four-headed hydra
 14301 | Lair:2   | Reached **** piety under Wu Jian
 14340 | Lair:2   | Noticed Amaemon
 14356 | Lair:2   | Killed Amaemon
 14391 | Lair:2   | Found a staircase to the Shoals.
 14463 | Lair:2   | Found a runed translucent gate.
 14464 | Lair:2   | Found a runed translucent gate.
 14466 | Lair:2   | Found a runed translucent gate.
 14469 | Lair:2   | Reached skill level 17 in Fighting
 14539 | Lair:2   | Found a transporter.
 14647 | Lair:2   | Noticed Graphine's ghost (journeyman DsMo)
 14648 | Lair:2   | Noticed Xellau's ghost (novice GrEE)
 14648 | Lair:2   | Noticed Wuvuatt's ghost (journeyman MiBe)
 14910 | Lair:3   | Reached XP level 13. HP: 156/171 MP: 22/22
 15076 | Lair:3   | Found a hole to the Spider Nest.
 15469 | Lair:3   | Found a radiant altar of Vehumet.
 16098 | Lair:4   | Reached skill level 5 in Maces & Flails
 16210 | Lair:4   | Found a gate leading to a gauntlet.
 16219 | Gauntlet | Entered a Gauntlet
 16219 | Gauntlet | Found a transporter.
 16228 | Gauntlet | Found a transporter.
 16243 | Gauntlet | Found a transporter.
 16245 | Gauntlet | Noticed a dire elephant
 16248 | Gauntlet | Found a transporter.
 16265 | Gauntlet | Found a transporter.
 16283 | Gauntlet | Found a transporter.
 16295 | Gauntlet | Found a transporter.
 16295 | Gauntlet | Noticed a dire elephant
 16307 | Gauntlet | Found a transporter.
 16319 | Gauntlet | Found a transporter.
 16331 | Gauntlet | Found a transporter.
 16337 | Gauntlet | Found a transporter.
 16374 | Gauntlet | Found a transporter.
 16376 | Gauntlet | Found a transporter.
 16403 | Gauntlet | Found a transporter.
 16423 | Gauntlet | Found a transporter.
 16503 | Gauntlet | Found a transporter.
 16525 | Gauntlet | Found a transporter.
 16629 | Gauntlet | Found a transporter.
 16849 | Gauntlet | Identified the +4 hat "Awyukuo" {Harm rElec Will+ Int-2}
 16859 | Gauntlet | Identified the +5 whip of Sloth {freeze, rC+}
 16859 | Gauntlet | Identified the +6 crystal plate armour of the End {rElec}
 16859 | Gauntlet | Noticed a minotaur
 16867 | Gauntlet | Killed a minotaur
 16873 | Gauntlet | Identified the staff of conjuration "Xikhigg" {rElec rC++
                  | Str+2}
 16874 | Gauntlet | Got the Reference Book on the Missiles
 17598 | Lair:5   | Entered Level 5 of the Lair of Beasts
 17624 | Lair:5   | Reached skill level 18 in Fighting
 18426 | Lair:4   | Reached XP level 14. HP: 117/187 MP: 23/23
 18774 | Lair:5   | Found a runed translucent door.
 18776 | Lair:5   | Found a viscous altar of Jiyva.
 19073 | Lair:4   | Reached skill level 19 in Fighting
 19286 | Lair:5   | Found a staircase to the Slime Pits.
 19492 | Lair:5   | Reached ***** piety under Wu Jian
 19577 | Lair:5   | Paralysed by a hornet for 3 turns
 20026 | Lair:5   | Identified the +6 plate armour of Tomorrow {Harm Str+4
                  | Int-3}
 20166 | Lair:5   | Identified the amulet "Cobeogaff" {Spirit *Slow +Inv rElec
                  | SInv}
 20172 | Lair:5   | Got the Vellum of Mortuary Alteration
 20180 | Lair:5   | Identified the +3 trident of Liadgh {flame, rElec rPois rN+
                  | Will+}
 20184 | Lair:5   | Identified the amulet "Extyefaero" {RegenMP Fly rElec rF+
                  | Dex-3}
 20550 | Orc:1    | Entered Level 1 of the Orcish Mines
 20630 | Orc:2    | Entered Level 2 of the Orcish Mines
 20632 | Orc:2    | Found a staircase to the Elven Halls.
 21040 | Orc:2    | Reached skill level 20 in Fighting
 21726 | Orc:2    | Found Zuwoqy's Jewellery Shop.
 21726 | Orc:2    | Found Buerhic's Armour Shoppe.
 21728 | Orc:2    | Found Qamufijyth's Assorted Antiques.
 21730 | Orc:2    | Found Ozuaf Lyiso's Armour Boutique.
 21737 | Orc:2    | Bought a scroll of identify for 54 gold pieces
 21737 | Orc:2    | Bought a scroll labelled GOZEZO RUMEEHY for 27 gold pieces
 21831 | Orc:2    | Bought the ring "Umoafef" {rPois rCorr Str+3 SInv Stlth-}
                  | for 644 gold pieces
 22100 | Lair:2   | Killed Wuvuatt's ghost
 22104 | Lair:2   | Killed Xellau's ghost
 22112 | Lair:2   | Killed Graphine's ghost
 22231 | D:7      | Killed LittleThickWarRabbit's ghost
 22232 | D:7      | Reached XP level 15. HP: 116/202 MP: 21/24
 22516 | D:10     | Reached skill level 10 in Maces & Flails
 23090 | D:11     | Found a runed translucent door.
 23095 | D:11     | Noticed Tsarbomb's ghost (journeyman DsGl)
 23098 | D:11     | Noticed Erica
 23104 | D:11     | Killed Erica
 23128 | D:11     | Reached skill level 21 in Fighting
 23475 | D:11     | Learned a level 2 spell: Passwall
 23645 | D:12     | Found an ornate altar of the Wu Jian Council.
 24242 | D:13     | Found a portal to a secret trove of treasure.
 24248 | D:13     | Identified a scroll of acquirement
 24262 | D:13     | Acquired a +5 spectral giant spiked club
 24859 | D:13     | Found a gate to the Vaults.
 25543 | D:14     | Reached skill level 1 in Shields
 25823 | D:14     | Reached skill level 22 in Fighting
 26491 | D:15     | Entered Level 15 of the Dungeon
 26607 | D:15     | Found a staircase to the Depths.
 26715 | D:15     | Noticed Rupert
 26721 | D:15     | Killed Rupert
 26722 | D:15     | Reached XP level 16. HP: 221/221 MP: 25/25
 26861 | D:15     | Reached skill level 5 in Shields
 27088 | D:15     | Identified the ring "Bythop" {rF+ Str+4 Int+3 Slay+4}
 27558 | Depths:1 | Entered Level 1 of the Depths
 27683 | Depths:1 | Reached skill level 23 in Fighting
 27793 | Depths:1 | Found a gateway to Hell.
 27927 | Depths:1 | Noticed a golden dragon
 28336 | Depths:1 | Identified the staff of cold "Edezec" {rF- rC+ rN+++
                  | Will+++}
 28405 | Depths:1 | Killed a golden dragon
 28650 | Depths:1 | Reached skill level 1 in Armour
 29004 | Depths:1 | Noticed a quicksilver dragon
 29019 | Depths:1 | Killed a quicksilver dragon
 29022 | Depths:1 | Reached skill level 24 in Fighting
 29148 | Depths:1 | Identified the +4 great mace "Mipove" {flame, Will+ MP-9
                  | Str+5 Int+4}
 29167 | Depths:1 | Found Peschoresi's Tremendous Tomes.
 29611 | Depths:2 | Reached XP level 17. HP: 182/236 MP: 22/26
 30426 | Depths:2 | Found a one-way gate leading to the halls of Pandemonium.
 30787 | Depths:2 | Reached skill level 10 in Shields
 31172 | Depths:2 | Reached skill level 5 in Armour
 31174 | Depths:2 | Noticed a tentacled monstrosity
 31179 | Depths:2 | Noticed a tentacled monstrosity
 31179 | Depths:2 | Killed a tentacled monstrosity
 31179 | Depths:2 | Noticed a walking crystal tome
 31193 | Depths:2 | Killed a walking crystal tome
 31195 | Depths:2 | Killed a tentacled monstrosity
 31210 | Depths:2 | HP: 2/537 [frost giant/bolt of cold (31)]
 31214 | Depths:2 | Noticed a golden dragon
 31220 | Depths:2 | HP: 10/239 [frost giant/bolt of cold (4)]
 31612 | Depths:2 | Found a one-way gate to the infinite horrors of the Abyss.
 31687 | Depths:2 | Reached skill level 25 in Fighting
 32163 | Depths:2 | Reached ****** piety under Wu Jian
 32238 | Depths:2 | Reached XP level 18. HP: 253/253 MP: 27/27
 32241 | Depths:2 | Noticed a tentacled monstrosity
 32244 | Depths:2 | Killed a tentacled monstrosity
 32260 | Depths:2 | Noticed a golden dragon
 32266 | Depths:2 | Killed a golden dragon
 32281 | Depths:2 | Killed a golden dragon
 32619 | Depths:2 | Lost mutation: You are robust. (+10% HP) [potion of
                  | mutation]
 32619 | Depths:2 | Gained mutation: You have a pair of small antennae on your
                  | head. [potion of mutation]
 32620 | Depths:2 | Lost mutation: You have a pair of small antennae on your
                  | head. [potion of mutation]
 32620 | Depths:2 | Gained mutation: You are partially covered in iridescent
                  | scales. (AC +2) [potion of mutation]
 32620 | Depths:2 | Gained mutation: You sometimes lose your temper in combat.
                  | [potion of mutation]
 32620 | Depths:2 | Gained mutation: You have an uncontrollable temper. [potion
                  | of mutation]
 32621 | Depths:2 | Lost mutation: You are partially covered in iridescent
                  | scales. (AC +2) [potion of mutation]
 32621 | Depths:2 | Lost mutation: You have an uncontrollable temper. [potion
                  | of mutation]
 32621 | Depths:2 | Gained mutation: Your flesh is cold resistant. (rC+)
                  | [potion of mutation]
 32621 | Depths:2 | Gained mutation: You are dopey. (Int -2) [potion of
                  | mutation]
 32754 | Depths:3 | Noticed a golden dragon
 32773 | Depths:3 | Killed a golden dragon
 33406 | Depths:3 | Found a runed translucent gate.
 33406 | Depths:3 | Found a runed translucent gate.
 33408 | Depths:3 | Found a runed translucent gate.
 33408 | Depths:3 | Found a one-way gateway to a ziggurat.
 33545 | Orc:1    | Noticed Snorg
 33551 | Orc:1    | Killed Snorg
 33642 | Orc:1    | Noticed Jorgrun
 33646 | Orc:1    | Killed Jorgrun
 34023 | Elf:1    | Entered Level 1 of the Elven Halls
 34023 | Elf:1    | Found a runed translucent gate.
 34023 | Elf:1    | Found a runed translucent gate.
 34023 | Elf:1    | Found a runed translucent gate.
 34023 | Elf:1    | Found a runed translucent gate.
 34023 | Elf:1    | Found a runed translucent gate.
 34023 | Elf:1    | Found a runed translucent gate.
 34024 | Elf:1    | Found a runed translucent door.
 34037 | Elf:1    | Got the Vademecum on the Unstable Pyre
 34041 | Elf:1    | Identified the staff of fire "Esiw Pea" {rF+ Str+3 Dex+2}
 34431 | Elf:1    | Noticed Asterion
 34433 | Elf:1    | Reached skill level 26 in Fighting
 35190 | Elf:1    | Found a runed translucent door.
 35304 | Elf:1    | Killed Asterion
 35606 | Elf:1    | Found a huge runed gate.
 35607 | Elf:1    | Found a huge runed gate.
 35607 | Elf:1    | Found a huge runed gate.
 35608 | Elf:1    | Found a huge runed gate.
 35608 | Elf:1    | Found a huge runed gate.
 35609 | Elf:1    | Found a huge runed gate.
 35609 | Elf:1    | Found a huge runed gate.
 35609 | Elf:1    | Found a huge runed gate.
 35609 | Elf:1    | Found a huge runed gate.
 35609 | Elf:1    | Found a huge runed gate.
 35610 | Elf:1    | Found a huge runed gate.
 35611 | Elf:1    | Found a huge runed gate.
 35613 | Elf:1    | Found a huge runed gate.
 35614 | Elf:1    | Found a huge runed gate.
 35615 | Elf:1    | Found a huge runed gate.
 35623 | Elf:1    | Found a huge runed gate.
 35623 | Elf:1    | Found a huge runed gate.
 35623 | Elf:1    | Found a huge runed gate.
 35623 | Elf:1    | Found a huge runed gate.
 35623 | Elf:1    | Found a huge runed gate.
 35623 | Elf:1    | Found a huge runed gate.
 35624 | Elf:1    | Found a huge runed gate.
 35625 | Elf:1    | Found a huge runed gate.
 35626 | Elf:1    | Found a huge runed gate.
 35635 | Elf:1    | Found a huge runed gate.
 35635 | Elf:1    | Found a huge runed gate.
 35635 | Elf:1    | Found a huge runed gate.
 35635 | Elf:1    | Found a huge runed gate.
 35635 | Elf:1    | Found a huge runed gate.
 35635 | Elf:1    | Found a huge runed gate.
 35636 | Elf:1    | Found a huge runed gate.
 35768 | Elf:1    | Found a huge runed gate.
 35768 | Elf:1    | Found a huge runed gate.
 35769 | Elf:1    | Found a huge runed gate.
 35770 | Elf:1    | Found a huge runed gate.
 35778 | Elf:1    | Found a huge runed gate.
 35910 | Elf:1    | Found Lyegud's Assorted Antiques.
 36019 | Elf:2    | Paralysed by an air elemental for 1 turns
 36409 | Elf:2    | Reached XP level 19. HP: 241/241 MP: 28/30
 36542 | Elf:2    | Found a huge runed translucent gate.
 36542 | Elf:2    | Found a huge runed translucent gate.
 36542 | Elf:2    | Found a huge runed translucent gate.
 36542 | Elf:2    | Found a huge runed translucent gate.
 36542 | Elf:2    | Found a huge runed translucent gate.
 37275 | Elf:3    | Entered Level 3 of the Elven Halls
 37414 | Elf:3    | Noticed Aizul
 37421 | Elf:3    | Killed Aizul
 37793 | Elf:3    | Paralysed by an air elemental for 1 turns
 38012 | Elf:3    | Reached skill level 27 in Fighting
 38013 | Elf:3    | HP: 12/245 [poisoned by a deep elf annihilator (poison
                  | arrow)]
 38556 | Elf:3    | Got Sif Muna's Catalogue of Thunder
 38571 | Elf:3    | Identified the staff of cold "Bood" {rC+ rN+}
 38574 | Elf:3    | Identified the +2 helmet of Utumeost {rPois Will+ MP+9}
 38577 | Elf:3    | Identified the ring of Neniplagg {rF+ Will+ rCorr Dex+3}
 38633 | Elf:3    | Identified the staff of air "Saheff" {rElec Will+++ SInv}
 38657 | Elf:3    | Identified the staff of air "Raastiv" {Fly rElec rPois
                  | Str+2 Int-3}
 38691 | Elf:3    | Identified the staff of death "Koemoy" {Fly rC+++ rN+ Str-5
                  | Int-2}
 39197 | Spider:1 | Entered Level 1 of the Spider Nest
 39208 | Spider:1 | Reached skill level 10 in Spellcasting
 39208 | Spider:1 | Reached XP level 20. HP: 216/256 MP: 32/34
 39216 | Spider:1 | Reached skill level 10 in Armour
 39692 | Spider:2 | Noticed Kirke
 39755 | Spider:2 | Killed Kirke
 40073 | Spider:1 | Identified the +2 buckler of the Watchman {*Slow rF++
                  | Dex+6}
 40945 | Spider:3 | Reached skill level 10 in Transmutations
 41161 | Spider:3 | Acquired the +10 tower shield of Ignorance {rN+ Int-4}
 41161 | Spider:3 | Found the +10 tower shield of Ignorance {rN+ Int-4}
 41244 | Spider:3 | Noticed Arachne
 41251 | Spider:3 | Killed Arachne
 41465 | Spider:4 | Entered Level 4 of the Spider Nest
 41466 | Spider:4 | Noticed Donald
 41471 | Spider:4 | Killed Donald
 42287 | Spider:4 | Got a gossamer rune of Zot
 42622 | Spider:4 | Reached XP level 21. HP: 204/265 MP: 35/37
 44269 | Depths:3 | Identified the ring of Enorph {rPois Will+ Str+4 Dex-5
                  | Stlth+}
 44875 | Depths:3 | Noticed Nicoed's ghost (adept MiFi)
 44951 | Depths:3 | Identified the +2 robe of Elyvilon's Regard {rElec}
 45138 | Depths:2 | Killed Nicoed's ghost
 45334 | Depths:3 | Identified the ring of Notuish {Str+2 Int+6}
 45454 | Depths:4 | Entered Level 4 of the Depths
 45549 | Depths:4 | Noticed a golden dragon
 45556 | Depths:3 | Killed a golden dragon
 46031 | Depths:4 | Found a magical portal.
 46052 | WizLab   | Entered Tukima's Studio
 46467 | WizLab   | Noticed purpleHaze's illusion
 46548 | WizLab   | Noticed purpleHaze's illusion
 46599 | WizLab   | Got Sif Muna's Almanac of Fascination
 46601 | WizLab   | Got the Guidebook on the Topological Tektite
 46725 | Depths:3 | Reached XP level 22. HP: 275/275 MP: 39/39
 46943 | Depths:3 | Reached skill level 15 in Shields
 47298 | Depths:4 | Found an ancient bone altar of Kikubaaqudgha.
 47450 | Depths:4 | Found a gate to the Realm of Zot.
 48092 | Vaults:1 | Entered Level 1 of the Vaults
 48213 | Vaults:1 | Found Goucvutu's Magic Scroll Shoppe.
 48227 | Vaults:1 | Bought a scroll of fog for 56 gold pieces
 48227 | Vaults:1 | Bought a scroll of magic mapping for 105 gold pieces
 48227 | Vaults:1 | Bought a scroll of blinking for 105 gold pieces
 48751 | Vaults:1 | Identified the +3 ring mail of Gluttony {rPois Str-4 Int+2
                  | Dex+5}
 49189 | Vaults:2 | Found Onoxaevaso's General Store.
 49244 | Vaults:2 | Found Xyrim's General Store.
 49252 | Vaults:2 | Bought a scroll of enchant weapon for 112 gold pieces
 49328 | Vaults:2 | Found Kutam's Antique Weapon Boutique.
 49386 | Vaults:2 | Found Suthixib's Magic Scroll Shop.
 49389 | Vaults:2 | Bought a scroll of acquirement for 624 gold pieces
 49389 | Vaults:2 | Acquired the ring of Balance {rN+ rCorr Str+6}
 49391 | Vaults:2 | Bought a scroll of enchant armour for 90 gold pieces
 49391 | Vaults:2 | Bought a scroll of enchant weapon for 90 gold pieces
 49391 | Vaults:2 | Bought a scroll of enchant weapon for 90 gold pieces
 50255 | Vaults:2 | Reached XP level 23. HP: 284/284 MP: 40/40
 50264 | Vaults:2 | Found Arphen's Book Shop.
 50346 | Vaults:3 | Reached skill level 15 in Armour
 50418 | Vaults:3 | Identified the +5 scale mail of Hairiness {Rampage Int+3
                  | SInv}
 50965 | Vaults:3 | Found a staircase to the Crypt.
 51619 | Vaults:4 | Found Dutsor's Assorted Antiques.
 51627 | Vaults:4 | Bought a scroll of poison for 172 gold pieces
 52642 | Vaults:5 | Entered Level 5 of the Vaults
 52645 | Vaults:5 | Noticed a golden dragon
 52663 | Vaults:5 | Killed a golden dragon
 52665 | Vaults:5 | Reached XP level 24. HP: 295/295 MP: 40/40
 52693 | Vaults:5 | Noticed an ancient lich
 52693 | Vaults:5 | Noticed a dread lich
 52693 | Vaults:5 | Noticed an ancient lich
 52694 | Vaults:5 | Killed an ancient lich
 52695 | Vaults:5 | Killed an ancient lich
 52697 | Vaults:5 | Killed a dread lich
 52709 | Vaults:5 | Identified the ring of Zinleid {Ice Dex+4}
 52842 | Vaults:5 | Identified the +8 quarterstaff of Vameuj {heavy, rF+ Str+5
                  | Stlth-}
 52850 | Vaults:5 | Identified the +1 great sword "Motwonao" {protect, Str+5}
 52851 | Vaults:5 | Identified the staff of cold "Mibis" {rPois rC+ Int+5
                  | Dex-4}
 52903 | Vaults:5 | Identified the ring "Dyol" {rC+ Will+ rCorr}
 53129 | Vaults:5 | Identified the +1 leather armour of Myril {Harm rCorr}
 53213 | Vaults:5 | Identified the staff of earth "Mipar" {Str+3}
 53309 | Vaults:5 | Reached XP level 25. HP: 301/304 MP: 40/40
 53712 | Vaults:5 | Got a silver rune of Zot
 54073 | Shoals:1 | Entered Level 1 of the Shoals
 54073 | Shoals:1 | Found Hugoix's Magic Scroll Shoppe.
 54123 | Shoals:1 | Bought a scroll of magic mapping for 120 gold pieces
 54123 | Shoals:1 | Bought a scroll of enchant weapon for 120 gold pieces
 54123 | Shoals:1 | Bought a scroll of blinking for 120 gold pieces
 54123 | Shoals:1 | Bought a scroll of blinking for 120 gold pieces
 54300 | Shoals:1 | Found Tirphixu's Book Boutique.
 54758 | Shoals:1 | Found Muuth's Antique Weapon Boutique.
 55252 | Shoals:2 | Identified the staff of conjuration "Coineof" {rElec}
 55283 | Shoals:2 | Identified the +5 dagger of Paper {venom, rElec Will-
                  | Str+9}
 55353 | Shoals:3 | Noticed Polyphemus
 55374 | Shoals:3 | Killed Polyphemus
 55510 | Shoals:3 | Noticed Ilsuiw
 55526 | Shoals:3 | Killed Ilsuiw
 55656 | Shoals:4 | Entered Level 4 of the Shoals
 55773 | Shoals:4 | Reached skill level 1 in Translocations
 55974 | Shoals:4 | Identified the staff of air "Sompoz" {Fly rElec rPois
                  | Will+}
 56008 | Shoals:4 | Found a runed translucent gate.
 56008 | Shoals:4 | Found a runed translucent gate.
 56008 | Shoals:4 | Found a runed translucent gate.
 56008 | Shoals:4 | Noticed ymhsbmbesitwf's ghost (adept MiBe)
 56017 | Shoals:4 | Killed ymhsbmbesitwf's ghost
 56333 | Shoals:4 | Got a barnacled rune of Zot
 56532 | Slime:1  | Entered Level 1 of the Pits of Slime
 56548 | Slime:1  | Gained mutation: Your spells are a little easier to cast,
                  | but a little less powerful. [a shining eye]
 56735 | Slime:2  | Gained mutation: You are very dopey. (Int -4) [a shining
                  | eye]
 56739 | Slime:2  | Gained mutation: You occasionally shout uncontrollably at
                  | your foes. [a shining eye]
 56740 | Slime:2  | Gained mutation: Your body sometimes deteriorates upon
                  | taking damage. [a shining eye]
 56894 | Slime:3  | Reached skill level 5 in Translocations
 56936 | Slime:3  | Reached XP level 26. HP: 279/314 MP: 40/41
 57003 | Slime:4  | Noticed Dissolution
 57004 | Slime:4  | Killed Dissolution
 57053 | Slime:5  | Entered Level 5 of the Pits of Slime
 57238 | Slime:5  | Paralysed by a floating eye for 4 turns
 57321 | Slime:5  | Reached skill level 15 in Spellcasting
 57523 | Slime:5  | Noticed the Royal Jelly
 57540 | Slime:5  | Killed the Royal Jelly
 57603 | Slime:5  | Reached XP level 27. HP: 323/323 MP: 42/42
 57635 | Slime:5  | Identified the staff of earth "Pess" {rC+ Will+ Dex+5}
 57637 | Slime:5  | Got the Opusculum on Mutable Impurities
 57645 | Slime:5  | Identified the +4 ring mail of Classification {rElec MP-9
                  | Str+3 Stlth+}
 57657 | Slime:5  | Identified the +7 quarterstaff of the First Loafs {venom,
                  | rF+ Int+2}
 57678 | Slime:5  | Identified the amulet "Pewnew" {rPois rN+ Regen+ Str+4
                  | Int-5}
 57686 | Slime:5  | Identified the +5 ring mail of the Bard {rN+ Str+2}
 57698 | Slime:5  | Got a slimy rune of Zot
 57784 | Lair:5   | Lost mutation: You are very dopey. (Int -4) [potion of
                  | mutation]
 57784 | Lair:5   | Lost mutation: You are dopey. (Int -2) [potion of mutation]
 57784 | Lair:5   | Gained mutation: Your flesh is very cold resistant. (rC++)
                  | [potion of mutation]
 57785 | Lair:5   | Lost mutation: Your flesh is very cold resistant. (rC++)
                  | [potion of mutation]
 57785 | Lair:5   | Lost mutation: Your flesh is cold resistant. (rC+) [potion
                  | of mutation]
 57785 | Lair:5   | Gained mutation: You occasionally lose the ability to drink
                  | potions when taking damage. [potion of mutation]
 57785 | Lair:5   | Gained mutation: You have a pair of small horns on your
                  | head. [potion of mutation]
 57786 | Lair:5   | Lost mutation: Your spells are a little easier to cast, but
                  | a little less powerful. [potion of mutation]
 57786 | Lair:5   | Lost mutation: You have a pair of small horns on your head.
                  | [potion of mutation]
 57786 | Lair:5   | Gained mutation: You frequently scream uncontrollably at
                  | your foes. [potion of mutation]
 57787 | Lair:5   | Lost mutation: You frequently scream uncontrollably at your
                  | foes. [potion of mutation]
 57787 | Lair:5   | Lost mutation: You sometimes lose your temper in combat.
                  | [potion of mutation]
 57787 | Lair:5   | Lost mutation: You occasionally shout uncontrollably at
                  | your foes. [potion of mutation]
 57787 | Lair:5   | Gained mutation: Your mind is acute. (Int +4, Str/Dex -1)
                  | [potion of mutation]
 57787 | Lair:5   | Gained mutation: Your spells are a little easier to cast,
                  | but a little less powerful. [potion of mutation]
 57787 | Lair:5   | Gained mutation: You are agile. (Dex +4, Str/Int -1)
                  | [potion of mutation]
 57788 | Lair:5   | Lost mutation: Your spells are a little easier to cast, but
                  | a little less powerful. [potion of mutation]
 57788 | Lair:5   | Lost mutation: Your mind is acute. (Int +4, Str/Dex -1)
                  | [potion of mutation]
 57788 | Lair:5   | Gained mutation: You are weak. (Str -2) [potion of
                  | mutation]
 57788 | Lair:5   | Gained mutation: You are vulnerable to cold. (rC-) [potion
                  | of mutation]
 57789 | Lair:5   | Lost mutation: You occasionally lose the ability to drink
                  | potions when taking damage. [potion of mutation]
 57789 | Lair:5   | Lost mutation: You are weak. (Str -2) [potion of mutation]
 57789 | Lair:5   | Lost mutation: Your body sometimes deteriorates upon taking
                  | damage. [potion of mutation]
 57789 | Lair:5   | Gained mutation: You have an increased reservoir of magic.
                  | (+10% MP) [potion of mutation]
 57789 | Lair:5   | Gained mutation: Your natural rate of healing is unusually
                  | fast. [potion of mutation]
 58073 | Hell     | Entered the Vestibule of Hell
 58073 | Hell     | Noticed Geryon
 58100 | Hell     | Killed Geryon
 58180 | Hell     | Found a gateway to the freezing wastes of Cocytus.
 58216 | Hell     | Found a gateway to the Iron City of Dis.
 58313 | Hell     | Found a gateway to the ashen valley of Gehenna.
 58369 | Abyss:2  | Cast into level 2 of the Abyss (reaper)
 58403 | Abyss:2  | Found a corrupted altar of Lugonu.
 58407 | Abyss:2  | Found a corrupted altar of Lugonu.
 58556 | Hell     | Escaped the Abyss
 58604 | Hell     | Found a gateway to the decaying netherworld of Tartarus.
 58610 | Hell     | Gained mutation: You occasionally lose the ability to read
                  | scrolls when taking damage. [a cacodemon]
 58882 | D:13     | You paid a toll of 3 potions of resistance to enter a
                  | treasure trove
 58883 | Trove    | Entered a treasure trove
 58919 | Trove    | Identified the +8 long sword "Peatweco" {flame, rCorr SInv}
 59104 | Zot:1    | Entered Level 1 of the Realm of Zot
 59150 | Zot:1    | Learned a level 4 spell: Passage of Golubria
 59191 | Zot:1    | Identified the ring "Ishryrph" {Ice Int+3}
 59191 | Zot:1    | Noticed Josephina
 59213 | Zot:1    | Killed Josephina
 60528 | Zot:3    | Found a runed translucent gate.
 60532 | Zot:3    | Found a runed translucent gate.
 60532 | Zot:3    | Found a runed translucent gate.
 60533 | Zot:3    | Found an ancient bone altar of Kikubaaqudgha.
 60540 | Zot:3    | Noticed a dread lich
 60540 | Zot:3    | Noticed a dread lich
 60540 | Zot:3    | Found the ring of the Hare {EV+10}
 60540 | Zot:3    | Noticed Uneer's ghost (legendary GnFE)
 60540 | Zot:3    | Noticed Dawneret's ghost (master GnFi)
 60541 | Zot:3    | Noticed Netemen's ghost (master GnFi)
 60597 | Zot:3    | Killed a dread lich
 60602 | Zot:3    | Killed a dread lich
 60612 | Zot:3    | Killed Uneer's ghost
 60632 | Zot:3    | Killed Netemen's ghost
 60651 | Zot:3    | Killed Dawneret's ghost
 60673 | Zot:3    | Identified the +1 cloak of Pan-Flutes {rC++ Regen+ Int-3
                  | Stlth+}
 60691 | Zot:3    | Identified the staff of fire "Igrebb" {rPois rF+ Dex+3
                  | SInv}
 60692 | Zot:3    | Identified the +5 hand axe of the Orb {flame, Int+4}
 60698 | Zot:3    | Identified the ring of Wehuip {rPois Will+ rCorr Str-2
                  | Slay+4}
 60958 | Zot:4    | Noticed an orb of fire
 60959 | Zot:4    | Lost mutation: You are agile. (Dex +4, Str/Int -1) [an orb
                  | of fire]
 60968 | Zot:4    | Gained mutation: You are frail. (-10% HP) [an orb of fire]
 60977 | Zot:4    | Killed an orb of fire
 61400 | Zot:5    | Entered Level 5 of the Realm of Zot
 61728 | Zot:5    | Noticed a dread lich
 61728 | Zot:5    | Noticed an orb of fire
 61741 | Zot:5    | Gained mutation: Armour fits poorly on your strangely
                  | shaped body. [an orb of fire]
 61882 | Zot:5    | Killed a dread lich
 61882 | Zot:5    | Gained mutation: Potions are less effective at restoring
                  | your health. [an orb of fire]
 61892 | Zot:5    | Gained mutation: You sometimes lose your temper in combat.
                  | [an orb of fire]
 61897 | Zot:5    | Killed an orb of fire
 62045 | Zot:5    | Noticed an ancient lich
 62062 | Zot:5    | Killed an ancient lich
 62081 | Zot:5    | Noticed a dread lich
 62091 | Zot:5    | Killed a dread lich
 62180 | Zot:5    | Reached skill level 15 in Transmutations
 62211 | Zot:5    | Noticed an ancient lich
 62238 | Zot:5    | Killed an ancient lich
 62244 | Zot:5    | Noticed an orb of fire
 62248 | Zot:5    | Gained mutation: You have hidden genetic defects. [an orb
                  | of fire]
 62254 | Zot:5    | Gained mutation: You are weak. (Str -2) [an orb of fire]
 62257 | Zot:5    | Killed an orb of fire
 62266 | Zot:5    | Noticed a dread lich
 62275 | Zot:5    | Killed a dread lich
 62849 | D:7      | Bought a potion of mutation for 120 gold pieces
 62849 | D:7      | Bought a potion of haste for 150 gold pieces
 62849 | D:7      | Bought a potion of haste for 150 gold pieces
 62849 | D:7      | Bought a potion of haste for 150 gold pieces
 63305 | Zot:5    | Lost mutation: You are weak. (Str -2) [potion of mutation]
 63305 | Zot:5    | Lost mutation: You occasionally lose the ability to read
                  | scrolls when taking damage. [potion of mutation]
 63305 | Zot:5    | Gained mutation: Your body sometimes deteriorates upon
                  | taking damage. [potion of mutation]
 63305 | Zot:5    | Gained mutation: You have terrible hidden genetic defects.
                  | [potion of mutation]
 63310 | Zot:5    | Got the Orb of Zot
 63387 | Zot:5    | Gained mutation: Your body often deteriorates upon taking
                  | damage. [hidden defects]
 63708 | D:8      | Noticed Elihynk the pandemonium lord
 63877 | D:$      | Escaped with the Orb!

Illustrated notes

Levels and vault maps discovered:
D:1:      dreamdust_arrival_sigmund_warning, layout_rooms,
          hangedman_decor_clover_reticule, serial_bayou_lake_a
D:2:      layout_loops_ring, basic_altar,
          dreamdust_ecumenical_altar_hidden_monk_grotto,
          minmay_misc_feat_hallway, minmay_joined_circles, uniq_sigmund,
          uniq_natasha, uniq_crazy_yiuf_cottage
D:3:      layout_loops_ring, riverfiend_overflow_shadow_ancestor,
          lemuel_crystal_altar, serial_shops, nicolae_shop_tiny_waterfront,
          serial_park_tiny_pond, kennysheep_generic_room_13
D:4:      layout_loops_corners, mainiacjoe_overflow_24_doors,
          gammafunk_temple_overflow_forgotten, columned_hall_lemuel
D:5:      layout_cave_pods, nicolae_ossuary_entry_giza
D:6:      layout_basic, minmay_temple_entry_poolview, minivault_19,
          dk_noncrumbling_2, kennysheep_boxes
D:7:      layout_basic, mainiacjoe_overflow_surrounded_room,
          nicolae_ru_great_annihilating_truth, enter_bailey_2, serial_shops,
          shop, gammafunk_ghost_nasty_kobolds, uniq_prince_ribbit1, uniq_pikel
D:8:      layout_cave_pools, erik_lair_orcish_takeover
D:9:      layout_long_grid, erik_orc_4, minmay_shattered_shrine, uniq_joseph
D:10:     layout_irregular_city
D:11:     layout_rooms, ebering_ghost_reflecting_pool, uniq_erica
D:12:     layout_long_grid, drop_trap, nzn_wu_jian_contemplation
D:13:     layout_long_grid, grunt_vaults_entry_fortified,
          nicolae_trove_entry_free_sample, pf_eden
D:14:     layout_stronghold, minmay_large_rounded_square
D:15:     grunt_enter_depths_magical_seal, layout_gridville,
          minmay_tree_intersection, uniq_rupert
Temple:   dshaligram_water_room_temple
Lair:1:   layout_hall_layers, eino_small_chamber_without_monster,
          grunt_megastairs_3, infiniplex_staircase_pool
Lair:2:   gammafunk_cloud_chamber, layout_regular_city,
          minmay_shoals_entry_beasts, gammafunk_ghost_cemetery, uniq_amaemon
Lair:3:   layout_hall_layers, spider_nest_entry_rubble, lemuel_centaur_altar
Lair:4:   layout_gridlike, gauntlet_entry_generic, roderic_carrion_pond
Lair:5:   gammafunk_lair_ancient_temple, layout_concentric_octagons,
          slime_entry_2, minmay_lair_oklob_items, cheibrodos_lair_lostbears,
          serial_bayou_shore_a
Shoals:1: layout_shoals, serial_shops, nicolae_shop_peninsula, shop,
          nicolae_shop_trees, nicolae_shoals_drake_roost
Shoals:2: layout_shoals, st_cyclops
Shoals:3: layout_shoals, shoals_oasis, uniq_polyphemus, uniq_ilsuiw
Shoals:4: shoals_end_simple, layout_shoals, shoals_ilsuiw_ice,
          gammafunk_ghost_necromancy, nicolae_shoals_elemental_ambush
Spider:1: layout_spider_delve, nicolae_spider_baby_got_redback
Spider:2: layout_cave_pods, nicolae_spider_nooks_and_crannies, uniq_kirke
Spider:3: layout_chambers, uniq_arachne
Spider:4: grunt_spider_rune_parallel, nicolae_spider_undead_wolf_pack,
          uniq_donald
Slime:1:  layout_caves
Slime:2:  layout_caves
Slime:3:  layout_caves
Slime:4:  layout_caves, dissolution_awaits
Slime:5
Orc:1:    layout_caves, basic_altar, uniq_jorgrun, uniq_snorg
Orc:2:    st_orc_rangers, layout_caves, basic_altar
Elf:1:    nicolae_elf_arrival_dilemma, layout_gridlike, serial_shops,
          nicolae_shop_hallway_stairs, hangedman_elf_disciples,
          hangedman_glass_teeth, dreamdust_princess_corridor, minivault_16,
          door_vault, uniq_asterion
Elf:2:    elven_hall_of_blades_hangedman_alternative
          [mumra_blade_entry_bloodbath], layout_loops_cross
Elf:3:    minmay_elf_hall_circle, layout_geoelf_castle,
          minmay_misc_feat_pillars, grunt_ministairs_3, uniq_aizul
Vaults:1: vaults_room_fancy_cross, grunt_vaults_funnel,
          nicolae_vaults_tetromino_L_1, nicolae_vaults_storage_room_statues,
          v_pattern_3, hangedman_vaults_slice, hangedman_vaults_restitches,
          nicolae_vaults_double_plus_1, v_misc_17,
          vaults_standard_mumra_enter_the_diamond, v_misc_10, vaults_room_pools,
          grunt_vaults_hallway_short, layout_vaults_ring, serial_shops, shop
Vaults:2: vaults_room_fancy_cross, nicolae_vaults_back_hallway,
          nicolae_vaults_circle_grid_a, vaults_dpeg_spiral, st_squares,
          nicolae_vaults_cochlea, ontoclasm_vaults_bender,
          ontoclasm_vaults_decontamination, v_alt_pattern_3,
          vaults_dpeg_diagonal, nicolae_vaults_tetromino_L_2,
          nicolae_vaults_alarming, v_misc_29, nicolae_vaults_double_plus_1,
          nicolae_vaults_tetromino_Z_1, nicolae_vaults_tetromino_Z_2,
          nicolae_vaults_house_3, nicolae_vaults_trapezoid_lopsided_2,
          layout_vaults_maze_snakey, serial_shops, shop, shop,
          nicolae_shop_rolled_up, shop, shop
Vaults:3: nicolae_vaults_offset_grid_hallway_1,
          minmay_crypt_entry_nasty_monster, v_pattern_1, ontoclasm_vaults_fault,
          vaults_mumra_minichess_inversion, ontoclasm_vaults_hangar,
          nicolae_vaults_variable_pillar_hall, vaults_dpeg_ring,
          vaults_dpeg_emergency_exit, layout_vaults_big_room
Vaults:4: nicolae_vaults_diamond_2, st_diamondy, ontoclasm_vaults_tryst,
          nicolae_vaults_stairing_the_circle,
          nicolae_vaults_variable_pillar_hall_cross, v_pattern_2,
          nicolae_vaults_yaktaur_gun_rack, nicolae_vaults_surprise_closet,
          grunt_vaults_swirl, nicolae_vaults_trapezoid_lopsided_3,
          layout_vaults_omnigrid, serial_shops, shop
Vaults:5: serial_shops
Depths:1: layout_roguey, nicolae_cairo_tiling, hell_entry,
          nicolae_shop_i_like_big_books, minmay_crystal_water,
          minmay_hollow_rounded_squares
Depths:2: minmay_the_grid_square_5x5_4x4 [minmay_the_grid_square_5x5_minibox,
          minmay_the_grid_square_5x5_pentomino_r,
          minmay_the_grid_square_5x5_inset,
          minmay_the_grid_square_5x5_eight_small,
          minmay_the_grid_square_5x5_beaten_path,
          minmay_the_grid_square_5x5_prize_deathbox,
          minmay_the_grid_square_5x5_prize_itemx,
          minmay_the_grid_square_5x5_minimal,
          minmay_the_grid_square_5x5_tri_point,
          minmay_the_grid_square_5x5_prize_open,
          minmay_the_grid_square_5x5_prize_junk,
          minmay_the_grid_square_5x5_n_small, minmay_the_grid_square_5x5_empty,
          minmay_the_grid_square_5x5_six_small,
          minmay_the_grid_square_5x5_three,
          minmay_the_grid_square_5x5_spiral_small], layout_basic,
          pf_vacation_house_of_asmodeus, rand_demon_pan_entry_1,
          chequers_serial_rivers_micro_c, abyss_entry,
          chequers_serial_rivers_micro_c
Depths:3: minmay_tri_stars, layout_gridlike, enter_ziggurat_b, abyss_entry,
          pf_hell_entry_tar_river, chequers_serial_rivers_room_a,
          biasface_ghost_demon_polymorph, infiniplex_staircase_split_hallway
Depths:4: grunt_zot_entry_pinwheel, layout_twisted_cross,
          lightli_enter_wizlab_magi_temple, lightli_too_deep,
          nicolae_kikubaaqudgha_miasma_corner, fountainhead, nicolae_sextant
Hell
Zot:1:    layout_gridville, uniq_josephina
Zot:2:    kennysheep_oblong_rooms, layout_onion
Zot:3:    layout_gridlike, gammafunk_ghost_crypt
Zot:4:    kennysheep_blocky_hall, layout_basic, st_stairs_6,
          hangedman_elemental_grid_stream
Zot:5:    layout_basic, nicolae_lava_and_water

Skill      XL: |  1  2  3  4  5  6  7  8  9 10 11 12 13 14 15 16 17 18 19 20 21 22 23 24 25 26 27 |
---------------+----------------------------------------------------------------------------------+-----
Transmutations | 2 3 4 5 6 7 9 10 11 12 13 15 | 15.4
Fighting       | 2 3 4 5 6 13 14 15 17 18 20 22 24 25 26 27 | 27.0
Spellcasting   | 3 4 5 6 7 10 12 13 14 15 17 | 17.0
Dodging        | 8 9 10 11 12 13 | 13.0
Maces & Flails | 2 3 4 6 9 11 | 11.4
Staves         | 5 8 |  8.2
Shields        | 4 9 11 12 13 14 17 19 20 21 22 25 | 25.2
Armour         | 2 6 8 9 11 12 14 16 18 19 21 | 21.7
Translocations | 5 7 9 |  9.2
Unarmed Combat | |  2.6

Action                     |  1- 3 |  4- 6 |  7- 9 | 10-12 | 13-15 | 16-18 | 19-21 | 22-24 | 25-27 || total
---------------------------+-------+-------+-------+-------+-------+-------+-------+-------+-------++-------
  Melee: Unarmed           |    26 |    15 |       |       |       |       |     1 |       |       ||    42
         Headbutt          |     5 |    11 |    17 |    72 |   188 |   132 |   104 |    73 |       ||   602
         Dagger            |    36 |    66 |    90 |       |       |       |       |       |       ||   192
         Kick              |     8 |    21 |    38 |   121 |   316 |   225 |   170 |   120 |       ||  1019
         Whip              |       |    43 |    55 |   246 |       |       |       |       |       ||   344
         Punch             |       |     1 |     1 |     6 |    14 |     3 |       |       |       ||    25
         Quarterstaff      |       |       |       |   208 |   573 |       |       |       |       ||   781
         Demon whip        |       |       |       |       |   419 |   758 |  1443 |  1233 |  2701 ||  6554
   Cast: Beastly Appendage |    14 |    27 |    19 |    63 |   104 |    69 |    41 |    26 |       ||   363
         Wereblood         |       |     1 |     4 |     7 |    19 |     6 |    22 |    22 |    32 ||   113
         Spider Form       |       |     1 |       |       |       |       |       |       |       ||     1
         Passage of Golubr |       |       |       |       |       |       |       |       |     2 ||     2
 Invoke: Serpent's Lash    |       |       |       |     6 |    14 |    16 |    15 |     5 |    19 ||    75
         Heavenly Storm    |       |       |       |       |     1 |       |     3 |     1 |     2 ||     7
Ability: Lunge             |       |       |    14 |    34 |    96 |    63 |   110 |   111 |   218 ||   646
         Whirlwind         |       |       |     1 |    71 |   234 |   184 |   357 |   313 |   611 ||  1771
         Wall Jump         |       |       |       |    25 |    44 |    52 |    58 |    36 |    64 ||   279
         End Transformatio |       |       |       |       |       |       |     1 |       |       ||     1
  Evoke: Wand              |       |       |     3 |    23 |     4 |       |     1 |       |     9 ||    40
    Use: Potion            |       |     1 |     7 |     4 |     6 |    17 |     5 |     2 |    15 ||    57
         Scroll            |       |     1 |     7 |     6 |     9 |     8 |     3 |    18 |     8 ||    60
   Stab: Paralysed         |       |       |       |    23 |       |       |       |       |       ||    23
         Confused          |       |       |       |       |       |       |       |       |     1 ||     1
 Armour: Robe              |    18 |    36 |    27 |    72 |    76 |     6 |       |       |       ||   235
         Skin              |       |     6 |    26 |       |       |     6 |       |       |       ||    38
         Troll leather arm |       |       |       |       |    41 |    11 |       |       |       ||    52
         Ice dragon scales |       |       |       |       |       |    47 |       |       |       ||    47
         Fire dragon scale |       |       |       |       |       |    31 |       |       |       ||    31
         Gold dragon scale |       |       |       |       |       |    19 |   333 |   191 |   476 ||  1019
  Dodge: Dodged            |    31 |    55 |    58 |   214 |   325 |   119 |   150 |   137 |   213 ||  1302
  Block: Other             |       |       |       |    12 |   123 |     3 |       |       |       ||   138
         Reflection        |       |       |       |       |    28 |    23 |    37 |    73 |    26 ||   187
         Kite shield       |       |       |       |       |       |   251 |   212 |       |       ||   463
         Tower shield      |       |       |       |       |       |       |   724 |   749 |  1593 ||  3066
